 Dungeon Crawl Stone Soup version 0.32-a0-576-g706899e69d (webtiles) character file.

Game seed: 4212673708176778417

4010 backslashecho the Cleaver (level 10, -7/80 HPs)
             Began as a Coglin Gladiator on Mar 1, 2024.
             Was a Believer of Trog.
             Mangled by Erica
             ... wielding a +4 scimitar of flaming
              (16 damage)
             ... on level 8 of the Dungeon.
             The game lasted 00:30:40 (10702 turns).

backslashecho the Cleaver (Coglin Gladiator)       Turns: 10702, Time: 00:30:40

Health: -7/80      AC:  9    Str: 19    XL:     10   Next: 23%
Magic:  10/10      EV:  1    Int:  8    God:    Trog [**....]
Gold:   362        SH:  0    Dex: 15    Spells: 9/9 levels left

rFire   . . .        a - +0 war axe {Santiago}
rCold   . . .        E - +2 dagger (venom) {Oma}
rNeg    + . .        I - +2 ring mail {rN+}
rPois   .            c - +0 helmet
rElec   .            (no cloak)
rCorr   .            (no gloves)
SInv    .            (no boots)
Will    .....        (amulet unavailable)
Stlth   +            (ring unavailable)
HPRegen 0.33/turn    (ring unavailable)
MPRegen 0.12/turn    (no gizmo)

%: no passive effects
@: constricted, revving
A: off-hand wielding, slow wielding, warmup strikes, no jewellery
a: Invent Gizmo, Renounce Religion, Berserk, Trog's Hand


You were on level 8 of the Dungeon.
You worshipped Trog.
Trog was pleased with you.
You visited 2 branches of the dungeon, and saw 9 of its levels.
You also visited: Sewer and Ossuary.

You collected 406 gold pieces.
You spent 44 gold pieces at shops.

Inventory:

Hand Weapons
 a - a +0 war axe (weapon) {Santiago}
 f - a +1 dagger of electrocution {Juhanna}
 y - a +1 dagger of protection {Bastian}
 E - a +2 dagger of venom (offhand) {Oma}
 F - the +3 hammer "Gur Faklih" {holy, Int+4}
   (You found it on level 5 of the Dungeon)

   Int+4:     It affects your intelligence (+4).
 H - the +3 hammer of Drought {chaos, rC+ MP+9 Str+2}
   (You found it on level 5 of the Dungeon)

   Str+2:     It affects your strength (+2).
   rC+:       It protects you from cold.
   MP+9:      It affects your magic capacity (+9).
Missiles
 d - a throwing net
 e - a javelin
 s - 15 poisoned darts (quivered)
Armour
 c - a +0 helmet (worn)
 I - a +2 ring mail of positive energy (worn)
Wands
 l - a wand of acid (7)
 J - a wand of flame (6)
Scrolls
 b - a scroll of enchant weapon {unknown}
 g - 3 scrolls of fog {unknown}
 m - a scroll of enchant armour {unknown}
 n - 2 scrolls of brand weapon {unknown}
 o - 2 scrolls of blinking {unknown}
 p - 4 scrolls of teleportation {unknown}
 r - 2 scrolls of immolation {unknown}
 w - a scroll of vulnerability {unknown}
 x - a scroll of amnesia {unknown}
 D - a scroll of noise {unknown}
 G - a scroll of poison {unknown}
 K - a scroll of identify
Potions
 h - 11 potions of curing
 i - a potion of berserk rage
 j - 4 potions of haste
 k - 3 potions of magic
 q - 2 potions of brilliance {unknown}
 t - 3 potions of mutation
 u - 2 potions of invisibility {unknown}
 v - a potion of heal wounds {unknown}
 z - 4 potions of might
 A - a potion of lignification {unknown}
 B - 2 potions of attraction {unknown}
 C - 2 potions of ambrosia {unknown}


   Skills:
 + Level 7.7 Fighting
 - Level 2.0 Short Blades
 * Level 11.2 Axes
 - Level 1.7 Throwing
 - Level 5.0 Armour
 - Level 2.6 Dodging


You had 9 spell levels left.
You didn't know any spells.
Your spell library contained the following spells:

 Spells                   Type           Power      Damage    Failure   Level
 Ensorcelled Hibernation  Hex/Ice        0%         N/A       73%         2
 Fugue of the Fallen      Necr           0%         N/A       91%         3
 Anguish                  Hex/Necr       0%         N/A       100%        4


Dungeon Overview and Level Annotations

Branches:
Dungeon (8/15)             Temple (1/1) D:5           Sewer (visited)
Ossuary (visited)
   Lair: D:8-11

Altars:
Ashenzari
Cheibriados
Dithmenos
Fedhas
Hepliaklqana
Kikubaaqudgha
Makhleb
Nemelex Xobeh
Okawaru
Qazlal
Ru
Sif Muna
Trog
Uskayaw
Vehumet
Wu Jian
Xom
Yredelemnul
The Shining One

Shops:
D:4 !

Annotations:
D:3 Grinder
D:5 1 runed translucent door, 1 exclusion, Crazy Yiuf
D:8 Erica
Temple 2 transporters


Innate Abilities, Weirdness & Mutations

You can wield a second weapon in your off-hand.
It takes a long time for you to wield or remove held weapons.
Your first few attacks do less damage.
You cannot equip rings or amulets.


Message History

Aim: Erica, wielding a +4 scimitar of flaming and wearing a ring of magical power (poisoned, 60% to hit)
The bolt of acid misses Erica.
Erica hits you with a +4 scimitar of flaming.
Erica burns you. Erica closely misses you.
You take 4 damage, and have 76/80 hp.
Aiming: Corrosive Bolt
Press: ? - help, Shift-Dir - straight line, f/p - Erica
Aim: Erica, wielding a +4 scimitar of flaming and wearing a ring of magical power (lightly wounded, poisoned, 60% to hit)
The bolt of acid misses Erica.
Erica screams, "I'll never tell where it is!"
Erica casts a spell at you. The bolt of poison hits you!
You are poisoned.
You take 11 damage, and have 65/80 hp.
Aiming: Corrosive Bolt
Press: ? - help, Shift-Dir - straight line, f/p - Erica
Aim: Erica, wielding a +4 scimitar of flaming and wearing a ring of magical power (poisoned, 60% to hit)
The bolt of acid hits Erica!
The acid corrodes Erica!
Erica is lightly wounded.
You feel very sick.
Erica hits you with a +4 scimitar of flaming!
Erica burns you. Erica grabs you. Erica constricts you.
You take 21 damage, and have 44/80 hp.
MASSIVE DAMAGE!!
You barely miss Erica with your +2 dagger of venom.
Erica is lightly wounded.
You hit Erica with your +0 war axe.
You feel very sick.
You take 4 damage, and have 40/80 hp.
You hit Erica with your +0 war axe.
Erica is moderately wounded.
You barely miss Erica with your +2 dagger of venom.
You feel very sick.
Erica hits you with a +4 scimitar of flaming.
Erica burns you. Erica constricts you.
You take 15 damage, and have 25/80 hp.
You barely miss Erica with your +2 dagger of venom.
Erica is moderately wounded.
You barely miss Erica with your +0 war axe.
You feel sick.
Erica hits you with a +4 scimitar of flaming!
* * * LOW HITPOINT WARNING * * *
Erica burns you.
* * * LOW HITPOINT WARNING * * *
Erica constricts you.
* * * LOW HITPOINT WARNING * * *
You take 23 damage, and have 2/80 hp.
MASSIVE DAMAGE!!
You feel better.
Erica looks more healthy.
Erica hits you with a +4 scimitar of flaming!
You die...
Erica begins burbling mirthfully and uncontrollably.

### #.$ #.#
#######.# ...(((..#
### #x@# ..# #..#
#### #.# #..#.....
#.#######.........
#.#..........####.
#.#..........#
####.#..........#
####...............#
#..................#


You could see Erica (corroded).

Vanquished Creatures
  Sigmund (D:5)
  Grum (D:8)
  Edmund (D:5)
  A water moccasin (D:7)
  An orc warrior (D:7)
  2 ice beasts (D:6)
  A sky beast (D:5)
  An ogre (D:5)
  3 wolves
  2 centaurs (D:7)
  A phantom (D:5)
  A weeping skull (Ossuary)
  4 kobold brigands
  An elf zombie (Ossuary)
  2 gnoll sergeants
  A bullfrog (D:7)
  3 scorpions
  2 elf skeletons (D:5)
  2 burial acolytes (Ossuary)
  3 killer bees (D:7)
  3 centaur zombies (Ossuary)
  3 hounds
  3 bombardier beetles
  3 orc priests
  A human skeleton (D:5)
  2 human zombies (Ossuary)
  A gnoll bouda (D:8)
  2 iguanas
  A sleepcap (D:6)
  Ijyb (D:3)
  Terence (D:2)
  11 orc wizards
  5 hound zombies (Ossuary)
  2 mummies (Ossuary)
  Robin (D:1)
  9 adders
  3 river rats
  14 gnolls
  A white imp (D:5)
  4 dart slugs
  7 ribbon worms
  28 orcs
  10 ball pythons
  11 endoplasms
  4 giant cockroaches
  A gnoll zombie (Ossuary)
  15 goblins
  9 hobgoblins
  2 jackals (D:2)
  4 quokkas
  3 bats
  4 frilled lizards
  25 kobolds
  An orc skeleton (D:5)
  5 orc zombies
  25 rats
259 creatures vanquished.

Notes
Turn   | Place    | Note
-------+----------+-------------------------------------------
     0 | D:1      | backslashecho the Coglin Gladiator began the quest for the
                  | Orb.
     0 | D:1      | Reached XP level 1. HP: 16/16 MP: 1/1
   121 | D:1      | Reached XP level 2. HP: 22/22 MP: 2/2
   299 | D:1      | Found a faded altar of an unknown god.
   747 | D:1      | Reached XP level 3. HP: 28/28 MP: 3/3
   807 | D:2      | Noticed Robin
   815 | D:1      | Killed Robin
   816 | D:1      | Reached skill level 1 in Short Blades
  1140 | D:2      | Reached skill level 4 in Axes
  1202 | D:2      | Reached XP level 4. HP: 33/34 MP: 4/4
  1878 | D:3      | Reached XP level 5. HP: 30/41 MP: 5/5
  1937 | D:3      | Found a glowing drain.
  1942 | Sewer    | Entered a sewer
  2133 | Sewer    | Noticed a kobold brigand
  2143 | Sewer    | Killed a kobold brigand
  2144 | Sewer    | Reached skill level 5 in Axes
  2144 | Sewer    | Reached XP level 6. HP: 30/47 MP: 6/6
  2652 | D:3      | Noticed Grinder
  2652 | D:3      | Noticed Terence
  2657 | D:3      | Paralysed by Grinder for 3 turns
  2672 | D:2      | Killed Terence
  2863 | D:3      | Noticed Ijyb
  2882 | D:3      | Killed Ijyb
  3208 | D:3      | Reached skill level 6 in Axes
  3355 | D:3      | Reached XP level 7. HP: 36/54 MP: 7/7
  4257 | D:4      | Found Coloi's Distillery.
  4267 | D:4      | Bought a potion of might for 44 gold pieces
  5059 | D:5      | Entered Level 5 of the Dungeon
  5063 | D:5      | Noticed Edmund
  5073 | D:5      | Killed Edmund
  5094 | D:5      | Noticed Sigmund
  5102 | D:5      | Killed Sigmund
  5103 | D:5      | Reached skill level 5 in Fighting
  5103 | D:5      | Reached skill level 7 in Axes
  5169 | D:5      | Reached XP level 8. HP: 49/62 MP: 8/8
  5230 | D:5      | Reached skill level 1 in Armour
  5233 | D:5      | Found a sand-covered staircase.
  5244 | Ossuary  | Entered an ossuary
  5415 | Ossuary  | Found an ancient bone altar of Kikubaaqudgha.
  5435 | Ossuary  | Reached skill level 8 in Axes
  6101 | D:5      | Reached skill level 9 in Axes
  6101 | D:5      | Reached XP level 9. HP: 65/69 MP: 9/9
  6168 | D:5      | Found a staircase to the Ecumenical Temple.
  6185 | Temple   | Found a transporter.
  6185 | Temple   | Found a transporter.
  6185 | Temple   | Found a transporter.
  6185 | Temple   | Found a transporter.
  6185 | Temple   | Entered the Ecumenical Temple
  6199 | Temple   | Became a worshipper of Trog the Wrathful
  6530 | D:5      | Identified the +3 hammer of Drought {chaos, rC+ MP+9 Str+2}
  6532 | D:5      | Identified the +3 hammer "Gur Faklih" {holy, Int+4}
  6537 | D:5      | Found a runed translucent door.
  6538 | D:5      | Noticed Crazy Yiuf
  7572 | D:6      | Reached * piety under Trog
  7743 | D:6      | Reached skill level 10 in Axes
  9076 | D:7      | Reached XP level 10. HP: 49/79 MP: 10/10
  9614 | D:7      | Reached ** piety under Trog
 10255 | D:8      | Noticed Grum
 10264 | D:7      | Reached skill level 11 in Axes
 10272 | D:7      | Reached skill level 5 in Armour
 10505 | D:8      | Killed Grum
 10692 | D:8      | Noticed Erica
 10701 | D:8      | HP: 2/80 [constriction (4)]
 10702 | D:8      | Mangled by Erica

Illustrated notes

Levels and vault maps discovered:
D:1:      dpeg_arrival_chambers_temple_mockup, layout_loops_ring,
          shapermc_ecumenical_altar_notcrosses
D:2:      layout_basic, serial_curves, eino_curves_02, eino_curves_01,
          eino_curves_01, uniq_robin
D:3:      layout_basic, lightli_sewer_entry_pipes, chequers_big_river,
          uniq_grinder, uniq_terence, uniq_ijyb
D:4:      layout_basic, serial_shops, shop, item_on_display_a
D:5:      layout_loops_corners, minmay_temple_entry_butterflies,
          nicolae_ossuary_entry_catacombs, uniq_sigmund,
          uniq_crazy_yiuf_cottage, uniq_edmund
D:6:      nicolae_cairo_tiling_very_big, layout_rooms,
          chequers_decorated_corner, serial_bayou_lagoon_a
D:7:      layout_loops_corners, minmay_misc_feat_chi, kennysheep_path_1
D:8:      layout_basic, lemuel_round_altar, lair_entry_dummy,
          chequers_serial_rivers_small_3, nicolae_shop_overcharged_wands,
          uniq_joseph, uniq_grum, uniq_erica
Temple:   hellmonk_temple_divided_pantheon

Skill      XL: |  1  2  3  4  5  6  7  8  9 10 |
---------------+-------------------------------+-----
Short Blades   | 1 2 |  2.0
Axes           | 4 5 6 7 9 10 11 | 11.2
Fighting       | 3 4 5 6 7 |  7.7
Armour         | 2 4 5 |  5.0
Throwing       | |  1.7
Dodging        | |  2.6

Action                     |  1- 3 |  4- 6 |  7- 9 | 10-12 || total
---------------------------+-------+-------+-------+-------++-------
  Melee: War axe           |    68 |   169 |   301 |    76 ||   614
         Dagger            |    57 |   156 |   295 |    71 ||   579
  Throw: Dart              |       |     3 |    10 |    22 ||    35
         Throwing net      |       |     2 |     1 |       ||     3
  Evoke: Wand              |       |       |     2 |     3 ||     5
    Use: Scroll            |       |     2 |     4 |       ||     6
         Potion            |       |       |       |     1 ||     1
   Stab: Held in net/web   |       |     1 |       |       ||     1
 Armour: Ring mail         |    38 |   100 |    22 |    69 ||   229
         Leather armour    |     1 |       |       |       ||     1
         Chain mail        |       |    18 |   236 |       ||   254
  Dodge: Dodged            |    43 |    85 |   126 |    47 ||   301

Table legend: (Time is in decaauts)
 A = Elapsed time spent in this place.
 B = Non-inter-level travel time spent in this place.
 C = Inter-level travel time spent in this place.
 D = Time resting spent in this place.
 E = Time spent auto-exploring this place.
 F = Levels seen in this place.
 G = Mean time per level.
                   A        B        C        D        E       F      G
               +--------+--------+--------+--------+--------+-----+--------+
         Total |  10777 |   9769 |   1008 |   1653 |   5789 |  11 |  979.7 |
       Dungeon |   9542 |   8534 |   1008 |   1653 |   5144 |   8 | 1192.8 |
        Temple |     30 |     30 |      0 |      0 |      0 |   1 |   30.0 |
         Sewer |    678 |    678 |      0 |      0 |    479 |   1 |  678.0 |
       Ossuary |    526 |    526 |      0 |      0 |    165 |   1 |  526.0 |
               +--------+--------+--------+--------+--------+-----+--------+

Top non-repeatable levels by time:
     D:7: 1879 daAuts
     D:3: 1783 daAuts
     D:5: 1747 daAuts
     D:2: 1077 daAuts
     D:6: 1007 daAuts
     D:1: 889 daAuts
     D:4: 874 daAuts
   Sewer: 678 daAuts
 Ossuary: 526 daAuts
     D:8: 282 daAuts
  Temple: 30 daAuts
